 Dungeon Crawl Stone Soup version 0.22-a0-565-gfc6459a (webtiles) character file.

44727 Firecrotchwizard the Warrior (level 13, -4/127 HPs)
             Began as a Minotaur Gladiator on June 28, 2018.
             Was a High Priest of Makhleb.
             Slain by a death yak (8 damage)
             ... on level 6 of the Lair of Beasts.
             The game lasted 00:30:48 (16377 turns).

Firecrotchwizard the Warrior (Minotaur Gladiator)  Turns: 16377, Time: 00:30:49

Health: -4/127     AC: 12    Str: 20    XL:     13   Next: 97%
Magic:  19/19      EV:  2    Int:  5    God:    Makhleb [*****.]
Gold:   923        SH:  0    Dex: 16    Spells: 12/12 levels left

rFire    . . .     SeeInvis .   w - +2 long sword (elec)
rCold    . . .     Gourm    .   (no shield)
rNeg     + + +     Faith    .   r - +0 scale mail
rPois    ∞         Spirit   .   c - +0 hat
rElec    .         Reflect  .   (no cloak)
rCorr    .         Harm     .   x - +1 pair of gloves
MR       .....                  E - +0 pair of boots
Stlth    ..........             (no amulet)
HPRegen  0.31/turn              I - +3 ring of evasion
MPRegen  0.16/turn              v - +3 ring of slaying

@: petrified
A: retaliatory headbutt, horns 2
a: Minor Destruction, Lesser Servant of Makhleb, Major Destruction, Greater
Servant of Makhleb, Renounce Religion


You were on level 6 of the Lair of Beasts.
You worshipped Makhleb.
Makhleb was extremely pleased with you.
You were not hungry.

You visited 3 branches of the dungeon, and saw 16 of its levels.

You collected 923 gold pieces.

Inventory:

Hand Weapons
 a - a +3 great sword
   (You took it off a wight on level 8 of the Dungeon)
 w - a +2 long sword of electrocution (weapon)
   (You found it on level 4 of the Dungeon)
 A - a +1 long sword of flaming
   (You took it off a wight on level 6 of the Dungeon)
 F - the +10 fustibalus of Myzekk {freeze, rPois rC+ Int+3 Dex+2}
   (You found it on level 1 of the Lair of Beasts)

   It causes projectiles fired from it to freeze those they strike, causing
   extra injury to most foes and up to half again as much damage against
   particularly susceptible opponents.
   They can also slow down cold-blooded creatures.
   It affects your intelligence (+3).
   It affects your dexterity (+2).
   It protects you from cold.
   It protects you from poison.
Missiles
 d - 3 throwing nets {=f, !d}
 z - 5 tomahawks of dispersal {=f}
Armour
 c - a +0 hat (worn)
 r - a +0 scale mail (worn)
   (You found it on level 2 of the Dungeon)
 x - a +1 pair of gloves (worn)
   (You found it on level 5 of the Dungeon)
 E - a +0 pair of boots (worn)
   (You found it on level 1 of the Lair of Beasts)
Jewellery
 b - an uncursed ring of protection from cold {rC+, !d}
   (You found it on level 2 of the Lair of Beasts)
 e - an uncursed ring of protection from fire {rF+, !d}
   (You found it on level 1 of the Dungeon)
 m - an uncursed ring of protection from fire {rF+, !d}
   (You found it on level 3 of the Lair of Beasts)
 v - a +3 ring of slaying (right hand)
   (You found it on level 2 of the Lair of Beasts)
 I - a +3 ring of evasion (left hand)
   (You found it on level 4 of the Lair of Beasts)
Wands
 y - a wand of clouds (5)
   (You found it on level 6 of the Dungeon)
 C - a wand of random effects (17)
   (You found it on level 7 of the Dungeon)
 G - a wand of acid (7)
   (You found it on level 1 of the Lair of Beasts)
 H - a wand of digging (16)
   (You found it on level 3 of the Lair of Beasts)
 L - a wand of disintegration (9) {@e1}
   (You found it on level 5 of the Lair of Beasts)
Scrolls
 i - 2 scrolls of identify
 n - 2 scrolls of remove curse
 o - 4 scrolls of amnesia
 p - 8 scrolls of teleportation
 s - 3 scrolls of fog
 B - 2 scrolls of magic mapping {!r}
 M - a scroll of enchant weapon
 O - a scroll of brand weapon {unknown}
Potions
 g - 5 potions of curing
 h - 5 potions of heal wounds
 j - 3 potions of brilliance
 k - 2 potions of might
 l - a potion of agility {unknown}
 q - 2 potions of invisibility
 t - 3 potions of flight
 u - a potion of ambrosia {unknown}
 D - 2 potions of haste
 J - a potion of cancellation {unknown}
 N - a potion of mutation {unknown}
 P - a potion of berserk rage {unknown}
Comestibles
 f - 21 rations {@e1}
 K - 10 chunks of flesh {@w0}


   Skills:
 + Level 15.5 Fighting
 - Level 14.0 Long Blades
 - Level 2.0 Throwing
 + Level 9.7 Armour
 - Level 12.2 Dodging
 + Level 10.1 Invocations


You had 12 spell levels left.
You didn't know any spells.
Your spell library contained the following spells:

 Spells                   Type           Power        Failure   Level  Hunger
 Apportation              Tloc           #.....       77%         1    ##.....
 Throw Frost              Conj/Ice       #.....       88%         2    ###....
 Freezing Cloud           Conj/Ice/Air   #.........   100%        6    #######
 Summon Small Mammal      Summ           #...         77%         1    ##.....
 Animate Dead             Necr           N/A          100%        4    #####..
 Pain                     Necr           #...         77%         1    ##.....
 Animate Skeleton         Necr           N/A          77%         1    ##.....
 Vampiric Draining        Necr           #.........   98%         3    ####...
 Freeze                   Ice            #...         77%         1    ##.....
 Summon Ice Beast         Ice/Summ       #.......     100%        4    #####..
 Regeneration             Chrm/Necr      #.........   98%         3    ####...
 Spider Form              Tmut/Pois      #.........   98%         3    ####...
 Blade Hands              Tmut           #.........   100%        5    ######.
 Ice Form                 Ice/Tmut       #.......     100%        4    #####..
 Confusing Touch          Hex            #.....       77%         1    ##.....
 Ignite Poison            Fire/Tmut/Pois #.......     98%         3    ####...
 Sticks to Snakes         Tmut           #.......     88%         2    ###....
 Beastly Appendage        Tmut           #.....       77%         1    ##.....


Dungeon Overview and Level Annotations

Branches:
Dungeon (9/15)             Temple (1/1) D:4            Lair (6/6) D:8
 Shoals (0/4) Lair:3       Spider (0/4) Lair:2        Slime (0/5) Lair:5
    Orc: D:9-12

Altars:
Cheibriados
Dithmenos
Elyvilon
Fedhas
Hepliaklqana
Kikubaaqudgha
Makhleb
Nemelex Xobeh
Okawaru
Qazlal
Ru
Sif Muna
Trog
Uskayaw
Wu Jian
Xom
The Shining One

Annotations:
D:8 3 runed doors, benadryl's ghost, novice DrFE
Lair:5 exclusion: 5 oklob plants


Innate Abilities, Weirdness & Mutations

You reflexively headbutt those who attack you in melee.
You have a pair of horns on your head.


Message History

You kill the death yak!
Makhleb accepts your kill.
You feel better.
Your orange demon stings the death yak from afar.
Your neqoxec is engulfed in calcifying dust.
Your neqoxec stops moving altogether!
Health restored: 127 The catoblepas breathes a plume of calcifying dust at you.
The blast of calcifying dust hits the death yak.
The blast of calcifying dust hits the plant.
The blast of calcifying dust hits your orange demon.
The blast of calcifying dust hits you!
Your orange demon is engulfed in calcifying dust.
Your orange demon is moving more slowly.
Your neqoxec is engulfed in calcifying dust.
You take 3 damage, and have 124/127 hp.
Your orange demon is engulfed in calcifying dust.
Your orange demon stops moving altogether!
Your neqoxec is engulfed in calcifying dust.
Your orange demon is engulfed in calcifying dust.
Your neqoxec is engulfed in calcifying dust.
The death yak is engulfed in calcifying dust.
Your orange demon is engulfed in calcifying dust.
Your neqoxec is engulfed in calcifying dust.
The death yak is engulfed in calcifying dust.
Your orange demon is engulfed in calcifying dust.
Your neqoxec is engulfed in calcifying dust.
Your orange demon is engulfed in calcifying dust.
Your orange demon is engulfed in calcifying dust.
Health restored: 127 You start waiting.
Eating one of 11 chunks of flesh {@w0}.
You eat one of the 11 chunks of flesh {@w0}.
The death yak is too close now for your liking.
The death yak gores your neqoxec.
Your neqoxec hits the death yak!
The death yak barely misses your neqoxec.
Your neqoxec hits the death yak. The death yak gores your neqoxec!!
Your neqoxec dies!
Your orange demon stings the catoblepas.
The catoblepas is poisoned.
Your orange demon poisons the catoblepas!
Your orange demon hits the catoblepas but does no damage.
The death yak gores your orange demon.
The catoblepas breathes a plume of calcifying dust at you.
The blast of calcifying dust hits your orange demon.
The blast of calcifying dust hits you! The death yak gores you!!
Your orange demon is engulfed in calcifying dust.
Your orange demon is moving more slowly.
Your orange demon stings the catoblepas.
Your orange demon hits the catoblepas.
The catoblepas looks weaker.
The death yak gores your orange demon!
You take 21 damage, and have 106/127 hp.
You hit the death yak.
You are engulfed in calcifying dust.
You are slowing down.
The catoblepas breathes a plume of calcifying dust at you.
The blast of calcifying dust hits your orange demon.
The blast of calcifying dust hits you! The death yak gores you!!
Your orange demon is engulfed in calcifying dust.
Your orange demon stops moving altogether!
You take 12 damage, and have 94/127 hp.
The death yak gores your orange demon!! The catoblepas gores your orange demon.
The death yak gores you!!
Your orange demon is engulfed in calcifying dust.
The death yak gores your orange demon!
Your orange demon dies!
The death yak gores you!
Your limbs are stiffening.
You take 23 damage, and have 71/127 hp.
The catoblepas breathes a plume of calcifying dust at you.
The blast of calcifying dust hits you!
The death yak gores you but does no damage.
You have turned to stone.
You are engulfed in calcifying dust.
The death yak gores you! The catoblepas gores you. The death yak gores you.
You are engulfed in calcifying dust.
The death yak gores you! The catoblepas gores you! The death yak gores you!!
You are engulfed in calcifying dust.
The death yak gores you but does no damage.
The catoblepas gores you!
* * * LOW HITPOINT WARNING * * *
The death yak gores you!!
* * * LOW HITPOINT WARNING * * *
You are engulfed in calcifying dust.
The death yak gores you!
* * * LOW HITPOINT WARNING * * *
The catoblepas breathes a plume of calcifying dust at you.
The blast of calcifying dust hits you! The death yak gores you.
* * * LOW HITPOINT WARNING * * *
The death yak gores you!
* * * LOW HITPOINT WARNING * * *
The catoblepas gores you.
* * * LOW HITPOINT WARNING * * *
The death yak gores you!
* * * LOW HITPOINT WARNING * * *
The death yak gores you!
You die... # #....## #.....# #.P.÷.# #.....# ... ##..÷.## ...
P ##....# .Y# .# ##...### YY#

.# #..YY.###
.÷#.# ##P@Y.♣.##
÷...##
##.....P##..P.P#
###..†...Y..P.#
########...##
#.# #


You could see 2 death yaks and a catoblepas.

Vanquished Creatures
  Nessos (Lair:5)
  Josephine (Lair:4)
  8 hydras
  3 two-headed ogres
  7 death yaks (Lair:6)
  Nergalle (Lair:4)
  A manticore (Lair:3)
  12 elephants
  3 black mambas
  A torpor snail (Lair:6)
  5 spiny frogs
  A rime drake (Lair:6)
  7 komodo dragons
  A troll (D:9)
  3 jumping spiders (Lair:2)
  10 blink frogs
  Grinder (D:3)
  11 hippogriffs
  A spriggan (D:7)
  4 wraiths (Lair:4)
  A wyvern (Lair:4)
  36 yaks
  A basilisk (Lair:6)
  A hungry ghost (D:9)
  Menkaure (D:7)
  2 steam dragons (D:9)
  14 water moccasins
  6 porcupines
  6 orc warriors
  2 sky beasts
  5 ice beasts
  A phantom (D:4)
  3 black bears
  4 boggarts (Lair:5)
  A necrophage (D:9)
  A centaur (D:8)
  4 ogres
  17 wolves
  15 crocodiles
  An elf zombie (D:9)
  6 bullfrogs
  A wyvern zombie (D:7)
  A water moccasin zombie (D:7)
  4 scorpions
  A troll zombie (D:9)
  2 killer bees (D:7)
  3 howler monkeys (D:7)
  15 wights
  A quasit (D:7)
  6 hounds
  A crimson imp (D:6)
  6 human zombies (D:9)
  2 jellies
  A centaur zombie (D:6)
  5 orc wizards
  6 orc priests
  6 worker ants
  Natasha (thrice) (D:2)
  2 iguanas (D:5)
  6 hell rats
  An ogre zombie (D:9)
  A mummy (D:9)
  A worker ant zombie (D:5)
  7 gnolls
  12 adders
  9 river rats (Lair:1)
  3 shadow imps
  An ooze (D:4)
  5 adder skeletons
  4 worms
  4 dart slugs
  5 leopard geckos
  48 orcs
  3 giant cockroaches
  9 goblins
  6 hobgoblins
  17 jackals
  6 quokkas
  A ball python (D:4)
  6 bats
  4 frilled lizards
  8 kobolds
  A leopard gecko skeleton (D:5)
  8 rats
452 creatures vanquished.

Vanquished Creatures (others)
  6 fungi
6 creatures vanquished.

Grand Total: 458 creatures vanquished

Notes
Turn   | Place    | Note
-------+----------+-------------------------------------------
     0 | D:1      | Firecrotchwizard the Minotaur Gladiator began the quest for the Orb.
     0 | D:1      | Reached XP level 1. HP: 18/18 MP: 0/0
    69 | D:1      | Reached skill level 4 in Long Blades
    74 | D:1      | Reached XP level 2. HP: 21/25 MP: 1/1
   775 | D:2      | Reached skill level 3 in Fighting
   775 | D:2      | Reached XP level 3. HP: 31/31 MP: 2/2
   900 | D:2      | Noticed Natasha
   903 | D:2      | Killed Natasha
   912 | D:2      | Reached XP level 4. HP: 36/38 MP: 3/3
   931 | D:2      | Reached skill level 5 in Long Blades
   942 | D:2      | Reached skill level 4 in Dodging
  1117 | D:2      | Noticed Natasha
  1122 | D:2      | Killed Natasha
  1352 | D:2      | Noticed Natasha
  1362 | D:2      | Killed Natasha
  1362 | D:2      | Reached XP level 5. HP: 45/46 MP: 4/4
  1412 | D:2      | Found a snail-covered altar of Cheibriados.
  1412 | D:2      | Found a sparkling altar of Nemelex Xobeh.
  1572 | D:2      | Found a deep blue altar of Sif Muna.
  1882 | D:3      | Reached skill level 4 in Fighting
  1893 | D:3      | Reached skill level 6 in Long Blades
  2618 | D:3      | Noticed Grinder
  2626 | D:3      | Killed Grinder
  2626 | D:3      | Reached skill level 5 in Dodging
  2626 | D:3      | Reached XP level 6. HP: 20/53 MP: 5/5
  2934 | D:4      | Reached skill level 7 in Long Blades
  3213 | D:4      | Reached skill level 5 in Fighting
  3213 | D:4      | Reached XP level 7. HP: 41/61 MP: 6/6
  3680 | D:4      | Found a white marble altar of Elyvilon.
  3734 | D:4      | Reached skill level 8 in Long Blades
  3915 | D:4      | Found a staircase to the Ecumenical Temple.
  3935 | Temple   | Entered the Ecumenical Temple
  4021 | Temple   | Became a worshipper of Makhleb the Destroyer
  4147 | D:5      | Entered Level 5 of the Dungeon
  4322 | D:5      | Found a burning altar of Makhleb.
  5326 | D:6      | Reached skill level 6 in Fighting
  5326 | D:6      | Reached skill level 6 in Dodging
  5326 | D:6      | Reached XP level 8. HP: 35/70 MP: 7/7
  5539 | D:6      | Reached skill level 9 in Long Blades
  5871 | D:6      | Noticed a hand axe
  5872 | D:6      | Noticed a hand axe
  5875 | D:6      | Found a hide-covered altar of Uskayaw.
  5962 | D:6      | Reached skill level 7 in Fighting
  5962 | D:6      | Reached skill level 10 in Long Blades
  6349 | D:6      | Reached skill level 7 in Dodging
  6353 | D:6      | HP: 17/73 [yak (3)]
  6355 | D:6      | Reached XP level 9. HP: 18/79 MP: 8/8
  6916 | D:7      | Reached skill level 11 in Long Blades
  6981 | D:7      | Reached skill level 8 in Fighting
  6982 | D:7      | Reached * piety under Makhleb
  7145 | D:7      | Reached skill level 8 in Dodging
  7164 | D:7      | Noticed Menkaure
  7189 | D:7      | Killed Menkaure
  7321 | D:7      | Reached skill level 12 in Long Blades
  7431 | D:7      | Found a bloodstained altar of Trog.
  7456 | D:7      | Reached skill level 9 in Fighting
  7468 | D:7      | Reached XP level 10. HP: 61/91 MP: 9/9
  7814 | D:7      | Reached ** piety under Makhleb
  8100 | D:8      | Found an iron altar of Okawaru.
  8206 | D:8      | Reached skill level 9 in Dodging
  8281 | D:8      | Noticed a two-headed ogre
  8283 | D:8      | Noticed a two-headed ogre
  8287 | D:8      | Killed a two-headed ogre
  8287 | D:8      | Reached skill level 13 in Long Blades
  8294 | D:8      | HP: 13/92 [two-headed ogre/giant spiked club (12)]
  8296 | D:8      | Killed a two-headed ogre
  8624 | D:8      | Found a hazy altar of Hepliaklqana.
  8625 | D:8      | Found a glowing golden altar of the Shining One.
  8691 | D:8      | Found a runed gate.
  8691 | D:8      | Found a runed gate.
  8691 | D:8      | Found a runed gate.
  8696 | D:8      | Noticed benadryl's ghost (novice DrFE)
  8711 | D:8      | Reached skill level 10 in Fighting
  8953 | D:8      | Found a staircase to the Lair.
  9292 | D:9      | Reached *** piety under Makhleb
  9312 | D:9      | Found an ornate altar of the Wu Jian Council.
  9324 | D:9      | Reached skill level 14 in Long Blades
  9492 | D:9      | Noticed a two-headed ogre
  9494 | D:9      | Reached skill level 10 in Dodging
  9500 | D:9      | Killed a two-headed ogre
  9500 | D:9      | Reached XP level 11. HP: 101/101 MP: 10/10
  9844 | D:9      | Reached skill level 11 in Fighting
 10058 | D:9      | Reached **** piety under Makhleb
 10061 | D:9      | Found an ancient bone altar of Kikubaaqudgha.
 10198 | Lair:1   | Entered Level 1 of the Lair of Beasts
 10276 | Lair:1   | Noticed a five-headed hydra
 10284 | Lair:1   | Killed a one-headed hydra
 10284 | Lair:1   | Reached skill level 1 in Invocations
 10383 | Lair:1   | Reached skill level 2 in Invocations
 10515 | Lair:1   | Reached skill level 11 in Dodging
 10627 | Lair:1   | Got a faintly glowing fustibalus
 10628 | Lair:1   | Identified the +10 fustibalus of Myzekk {freeze, rPois rC+ Int+3 Dex+2} (You found it on level 1 of the Lair of Beasts)
 10804 | Lair:2   | Found a hole to the Spider Nest.
 11008 | Lair:2   | Reached skill level 3 in Invocations
 11075 | Lair:2   | Reached skill level 12 in Fighting
 11447 | Lair:2   | Noticed a seven-headed hydra
 11457 | Lair:2   | Killed a three-headed hydra
 11457 | Lair:2   | Reached skill level 4 in Invocations
 12160 | Lair:3   | Reached XP level 12. HP: 113/113 MP: 14/14
 12413 | Lair:3   | Found a staircase to the Shoals.
 12417 | Lair:3   | Reached skill level 5 in Invocations
 12466 | Lair:3   | Noticed a seven-headed hydra
 12472 | Lair:3   | Killed a five-headed hydra
 12472 | Lair:3   | Reached skill level 12 in Dodging
 12653 | Lair:3   | Noticed an eight-headed hydra
 12665 | Lair:3   | Killed a two-headed hydra
 13357 | Lair:4   | Reached skill level 13 in Fighting
 13408 | Lair:4   | Reached skill level 1 in Armour
 13456 | Lair:4   | Reached skill level 6 in Invocations
 13476 | Lair:4   | Identified Oclimm's Reference Book on Frigorific Shape Shifting
 13497 | Lair:4   | Reached skill level 2 in Armour
 13603 | Lair:4   | Noticed Nergalle
 13617 | Lair:4   | Killed Nergalle
 13742 | Lair:4   | Noticed a four-headed hydra
 13748 | Lair:4   | Killed a one-headed hydra
 13748 | Lair:4   | Reached skill level 3 in Armour
 13830 | Lair:4   | Noticed Josephine
 13847 | Lair:4   | Killed Josephine
 13847 | Lair:4   | Reached skill level 4 in Armour
 13858 | Lair:4   | Reached skill level 7 in Invocations
 14285 | Lair:5   | Noticed Nessos
 14291 | Lair:5   | Found a staircase to the Slime Pits.
 14292 | Lair:5   | HP: 28/116 [oklob plant/splash of acid (9)]
 14294 | Lair:5   | HP: 10/116 [water moccasin (6)]
 14299 | Lair:5   | HP: 28/116 [water moccasin (2)]
 14357 | Lair:5   | Noticed a four-headed hydra
 14378 | Lair:5   | Killed a one-headed hydra
 14378 | Lair:5   | Reached skill level 5 in Armour
 14639 | Lair:5   | Reached skill level 14 in Fighting
 14663 | Lair:5   | Reached ***** piety under Makhleb
 14731 | Lair:5   | HP: 28/117 [Nessos/arrow (4)]
 14739 | Lair:5   | HP: 28/117 [Nessos (8)]
 14758 | Lair:5   | Killed Nessos
 14758 | Lair:5   | Reached skill level 6 in Armour
 15101 | Lair:5   | Reached XP level 13. HP: 124/124 MP: 17/17
 15130 | Lair:5   | Reached skill level 8 in Invocations
 15229 | Lair:6   | Entered Level 6 of the Lair of Beasts
 15274 | Lair:6   | HP: 31/125 [wolf (2)]
 15286 | Lair:6   | HP: 31/125 [wolf (3)]
 15289 | Lair:6   | Reached skill level 7 in Armour
 15317 | Lair:6   | HP: 28/125 [komodo dragon (24)]
 15326 | Lair:6   | HP: 27/125 [yak[a torpor snail] (3)]
 15695 | Lair:6   | Reached skill level 8 in Armour
 15695 | Lair:6   | Reached skill level 9 in Invocations
 15918 | Lair:6   | Reached skill level 15 in Fighting
 16001 | Lair:6   | Reached skill level 9 in Armour
 16241 | Lair:6   | Reached skill level 10 in Invocations
 16374 | Lair:6   | HP: 24/127 [death yak (10)]
 16376 | Lair:6   | HP: 4/127 [death yak (8)]
 16377 | Lair:6   | Slain by a death yak

Vault maps used:
D:1:      lightli_arrival_maybe_door_vault, dk_noncrumbling_4, hex_large
D:2:      grunt_temple_overflow_open, kennysheep_decorative_pillar, st_stairs_1,
          uniq_natasha
D:3:      uniq_grinder
D:4:      old_standard_altar, minmay_temple_entry_butterflies, first_ration
D:5:      serial_co_window_serial, co_window_paths_b, co_window_paths_a,
          co_window_cross_1, co_window_corner_a, co_window_paths_b,
          co_window_corner_a, co_window_corner_a, co_window_broadway_c,
          co_window_broadway_c, co_window_corner_b, co_window_of_opportunity_c,
          co_window_paths_c, bloody_makhleb
D:6:      dancing_weapons_uskayaw, minivault_22, minmay_misc_feat_five
D:7:      kennysheep_steamy, serial_co_window_serial, co_window_paths_a,
          co_window_of_opportunity_a, co_window_paths_a, co_window_corner_a,
          co_window_paths_b, co_window_2corner, co_window_2corner,
          co_window_2corner, co_window_corner_b, co_window_of_opportunity_b,
          glass_columns_b, glass_columns_a, glass_columns_b, the_bakery,
          bloody_trog, uniq_menkaure, uniq_crazy_yiuf_cottage
D:8:      lemuel_crystal_altar, minitemple, lair_entry_dummy, special_room,
          ebering_ghost_rock_garden
D:9:      lemuel_mausoleum_altar_kikubaaqudgha, basic_altar, serial_bayou_pond_a
Temple:   nicolae_temple_figure_eight
Lair:1:   kennysheep_rathole
Lair:2:   spider_nest_entry_a, infiniplex_staircase_pool
Lair:3:   minmay_shoals_entry_beasts
Lair:4:   uniq_nergalle, uniq_josephine
Lair:5:   minmay_slime_entry_oklob_open, kilobyte_rumbling_trees,
          grunt_megastairs_4, uniq_nessos
Lair:6:   grunt_lair_end_beastmaster, grunt_megastairs_2

Skill      XL: |  1  2  3  4  5  6  7  8  9 10 11 12 13 |
---------------+----------------------------------------+-----
Long Blades    | 4 5 6 7 8 10 12 14 | 14.0
Fighting       | 3 4 5 6 7 9 10 12 14 15 | 15.5
Dodging        | 4 5 6 7 8 10 11 12 | 12.2
Invocations    | 4 7 10 | 10.1
Armour         | 6 9 |  9.7
Throwing       | |  2.0

Action                   |  1- 3 |  4- 6 |  7- 9 | 10-12 | 13-15 || total
-------------------------+-------+-------+-------+-------+-------++-------
Melee: Long sword        |    49 |   140 |   233 |   544 |   287 ||  1253
       Headbutt          |     9 |    29 |    64 |   156 |   101 ||   359
       Great sword       |       |       |       |     6 |       ||     6
Throw: Throwing net      |       |       |     1 |     3 |       ||     4
Invok: Minor Destruction |       |       |       |     5 |       ||     5
       Major Destruction |       |       |       |     2 |     1 ||     3
       Lesser Servant of |       |       |       |       |     2 ||     2
Evoke: Wand              |       |       |       |     1 |       ||     1
  Use: Scroll            |       |     4 |    10 |     9 |     1 ||    24
       Potion            |       |       |     1 |     5 |     1 ||     7
 Stab: Held in net/web   |       |       |     1 |     1 |       ||     2
       Petrifying        |       |       |       |       |     1 ||     1
  Eat: Chunk             |       |     7 |     4 |    23 |     5 ||    39
       Ration            |       |       |     3 |     1 |       ||     4
Armor: Leather armour    |     5 |       |       |       |       ||     5
       Scale mail        |    10 |    56 |    64 |    98 |   116 ||   344
Dodge: Dodged            |    33 |    97 |   130 |   347 |   246 ||   853
       Rpst.: Long sword |     8 |    33 |    35 |    88 |    63 ||   227
       Great sword       |       |       |       |     2 |       ||     2

Table legend:
 A = Spawn XP
 B = Non-spawn XP
 C = Spawn XP percentage of total XP
 D = Spawn monster count
 E = Non-spawn monster count
 F = Spawn count percentage of total count
 G = Total turns spent on level
                    A         B        C        D         E        F      G
               +---------+---------+-------+---------+---------+-------+---------
         Total |       0 |   63896 |   0.0 |       0 |     452 |   0.0 | 16377
               +---------+---------+-------+---------+---------+-------+---------
           D:1 |       0 |      35 |   0.0 |       0 |      18 |   0.0 |   615
           D:2 |       0 |     200 |   0.0 |       0 |      33 |   0.0 |  1231
           D:3 |       0 |     405 |   0.0 |       0 |      32 |   0.0 |  1482
           D:4 |       0 |     564 |   0.0 |       0 |      28 |   0.0 |   712
           D:5 |       0 |     167 |   0.0 |       0 |      12 |   0.0 |  1165
           D:6 |       0 |    1698 |   0.0 |       0 |      24 |   0.0 |  1356
           D:7 |       0 |    3390 |   0.0 |       0 |      35 |   0.0 |  1432
           D:8 |       0 |    3163 |   0.0 |       0 |      44 |   0.0 |  1157
           D:9 |       0 |    3570 |   0.0 |       0 |      45 |   0.0 |   971
        Lair:1 |       0 |    2813 |   0.0 |       0 |      23 |   0.0 |   630
        Lair:2 |       0 |    5794 |   0.0 |       0 |      22 |   0.0 |  1358
        Lair:3 |       0 |    4043 |   0.0 |       0 |      12 |   0.0 |  1135
        Lair:4 |       0 |    6114 |   0.0 |       0 |      18 |   0.0 |   883
        Lair:5 |       0 |    9007 |   0.0 |       0 |      31 |   0.0 |  1003
        Lair:6 |       0 |   22933 |   0.0 |       0 |      75 |   0.0 |  1140
               +---------+---------+-------+---------+---------+-------+---------

Vault maps used:
D:1:      lightli_arrival_maybe_door_vault, dk_noncrumbling_4, hex_large
D:2:      grunt_temple_overflow_open, kennysheep_decorative_pillar, st_stairs_1,
          uniq_natasha
D:3:      uniq_grinder
D:4:      old_standard_altar, minmay_temple_entry_butterflies, first_ration
D:5:      serial_co_window_serial, co_window_paths_b, co_window_paths_a,
          co_window_cross_1, co_window_corner_a, co_window_paths_b,
          co_window_corner_a, co_window_corner_a, co_window_broadway_c,
          co_window_broadway_c, co_window_corner_b, co_window_of_opportunity_c,
          co_window_paths_c, bloody_makhleb
D:6:      dancing_weapons_uskayaw, minivault_22, minmay_misc_feat_five
D:7:      kennysheep_steamy, serial_co_window_serial, co_window_paths_a,
          co_window_of_opportunity_a, co_window_paths_a, co_window_corner_a,
          co_window_paths_b, co_window_2corner, co_window_2corner,
          co_window_2corner, co_window_corner_b, co_window_of_opportunity_b,
          glass_columns_b, glass_columns_a, glass_columns_b, the_bakery,
          bloody_trog, uniq_menkaure, uniq_crazy_yiuf_cottage
D:8:      lemuel_crystal_altar, minitemple, lair_entry_dummy, special_room,
          ebering_ghost_rock_garden
D:9:      lemuel_mausoleum_altar_kikubaaqudgha, basic_altar, serial_bayou_pond_a
Temple:   nicolae_temple_figure_eight
Lair:1:   kennysheep_rathole
Lair:2:   spider_nest_entry_a, infiniplex_staircase_pool
Lair:3:   minmay_shoals_entry_beasts
Lair:4:   uniq_nergalle, uniq_josephine
Lair:5:   minmay_slime_entry_oklob_open, kilobyte_rumbling_trees,
          grunt_megastairs_4, uniq_nessos
Lair:6:   grunt_lair_end_beastmaster, grunt_megastairs_2

Table legend:
 A = Turns spent in this place as a percentage of turns spent in the entire game.
 B = Non-inter-level travel turns spent in this place as a percentage of non-inter-level travel turns spent in the entire game.
 C = Inter-level travel turns spent in this place as a percentage of turns spent in this place.
 D = Turns resting spent in this place as a percentage of non-inter-level travel turns spent in this place.
 E = Turns spent auto-exploring this place as a percentage of non-inter-level travel turns spent in this place.
 F = Non-inter-level travel turns spent in this place divided by the number of levels of this place that you've seen.
                   A       B       C       D       E      F
               +-------+-------+-------+-------+-------+----------------------
         Total | 100.0 | 100.0 |   3.5 |  27.5 |  54.8 | 987.8
       Dungeon |  61.8 |  61.9 |   3.3 |  30.2 |  53.8 | 1087.1
        Temple |   0.7 |   0.6 |  18.7 |   0.0 |  87.4 |  87.0
          Lair |  37.5 |  37.5 |   3.5 |  23.5 |  56.0 | 988.8
               +-------+-------+-------+-------+-------+----------------------

Table legend:
 A = Kills in this place as a percentage of kills in entire the game.
 B = Kills by you in this place as a percentage of kills by you in the entire game.
 C = Kills by friends in this place as a percentage of kills by friends in the entire game.
 D = Other kills in this place as a percentage of other kills in the entire game.
 E = Experience gained in this place as a percentage of experience gained in the entire game.
 F = Experience gained in this place divided by the number of levels of this place that you have seen.
                   A       B       C       D       E      F
               +-------+-------+-------+-------+-------+----------------------
         Total | 100.0 | 100.0 |   N/A |   N/A | 100.0 | 3993.5
       Dungeon |  60.0 |  60.0 |   N/A |   N/A |  20.6 | 1465.8
          Lair |  40.0 |  40.0 |   N/A |   N/A |  79.4 | 8450.7
               +-------+-------+-------+-------+-------+----------------------
